Map: Traitor's Exile

Players

Predator

  • Race: Terran Terran
  • League: Silver
  • Spawn Location: 12:00

TheSentinel

  • Race: Terran Terran
  • Spawn Location: 9:00

Somoka - Winner!

  • Race: Zerg Zerg
  • Spawn Location: 6:00

Aspicherie - Winner!

  • Race: Protoss Protoss
  • Spawn Location: 5:00

VOD

Have the link to the VOD?

Description

Time

  • Played on: Jan. 11, 2018, 3:22 p.m.
  • Length: 21:38
Show
View Real Time Build Order
Export as new Build Order

Predator Terran 

Build Orders:  

Get SALT Encoding   

  12  0:02  SCV  
  13  0:14  SCV  
  14  0:27  Supply Depot, SCV  
  15  0:40  Refinery  
  15  0:52  SCV  
  15  0:56  Barracks  
  16  1:07  SCV  
  17  1:19  SCV  
  18  1:26  Supply Depot  
  18  1:31  SCV  
  19  1:57  SCV  
  20  2:07  Factory  
  20  2:09  SCV  
  20  2:12  Command Center  
  21  2:21  SCV  
  22  2:23  Refinery  
  22  2:24  Marine  
  23  2:33  SCV  
  23  2:36  Barracks  
  24  2:42  Marine  
  25  2:45  SCV  
  26  2:57  SCV  
  27  3:00  Marine  
  28  3:08  Factory Tech Lab  
  28  3:17  Marine  
  29  3:23  Starport  
  29  3:35  Marine  
  29  3:37  Barracks Tech Lab  
  29  3:40  Siege Tank  
  33  3:54  Marine  
  34  4:03  SCV, Refinery  
  34  4:07  Orbital Command  
  34  4:09  Refinery  
  35  4:12  Marine  
  35  4:15  SCV  
  37  4:23  Engineering Bay  
  37  4:25  Siege Tank  
  37  4:27  SCV  
  37  4:28  Medivac  
  43  4:39  SCV  
  43  4:41  Marine x2  
  46  5:10  Supply Depot  
  46  5:29  Supply Depot  
  46  5:32  Marine x2, Medivac, SCV, Siege Tank  
  46  5:33  Supply Depot  
  54  5:37  Orbital Command  
  54  5:51  Supply Depot, SCV  
  54  5:56  Marauder  
  57  5:59  Marine  
  57  6:02  Concussive Shells  
  57  6:03  SCV  
  59  6:04  Siege Tank  
  59  6:07  Starport Tech Lab  
  62  6:15  SCV  
  62  6:17  Marauder  
  65  6:23  Liberator  
  65  6:27  SCV  
  65  6:28  Missile Turret  
  69  6:48  Starport  
  69  6:49  Missile Turret  
  68  7:08  Terran Infantry Weapons Level 1  
  68  7:09  Missile Turret  
  68  7:14  SCV x2  
  70  7:16  Ghost Academy  
  70  7:23  Medivac  
  70  7:26  SCV x2  
  74  7:30  Missile Turret  
  74  7:32  Supply Depot  
  74  7:38  SCV x2  
  76  7:50  SCV x2, Liberator  
  78  7:51  Missile Turret  
  78  8:02  SCV x2  
  83  8:12  Starport Reactor  
  83  8:15  Nuke  
  83  8:24  Barracks  
  83  8:33  Armory  
  83  8:40  SCV x2  
  85  8:50  Command Center  
  85  8:52  SCV  
  86  9:02  Terran Infantry Armor Level 1, Supply Depot  
  86  9:06  Liberator  
  86  9:22  Armory  
  86  9:24  SCV x2, Siege Tank  
  94  9:25  Supply Depot  
  94  9:27  Terran Vehicle Weapons Level 1  
  94  9:30  Barracks Tech Lab  
  94  9:46  Marine, Ghost  
  94  9:47  Supply Depot, SCV x2  
  94  9:49  Supply Depot  
  99  9:56  Siege Tank  
  99  9:57  Refinery  
  102  10:04  Marine  
  103  10:09  Supply Depot  
  103  10:10  Liberator  
  103  10:11  Liberator x2  
  103  10:15  Marauder  
  103  10:19  Refinery  
  103  10:20  SCV x3  
  108  10:28  Siege Tank  
  120  10:32  Supply Depot, SCV x2  
  122  10:53  Liberator  
  122  10:55  Missile Turret  
  122  11:02  Liberator x2  
  122  11:07  Factory  
  122  11:08  Missile Turret  
  125  11:15  Missile Turret  
  125  11:24  Ghost x2  
  135  11:30  Missile Turret  
  135  11:35  Thor  
  135  11:36  Missile Turret  
  141  11:40  Terran Vehicle And Ship Armor Level 1  
  141  11:45  Combat Shields  
  141  11:53  Ghost x2  
  145  11:56  Missile Turret  
  145  12:16  Missile Turret  
  145  12:40  Nuke  
  143  12:55  Marine x3  
  146  13:05  Factory Tech Lab  
  146  13:13  Marine x2  
  148  13:24  Terran Infantry Weapons Level 2  
  148  13:58  Supply Depot  
  148  14:07  Liberator  
  148  14:09  Liberator  
  148  14:11  Siege Tank  
  149  14:19  Thor  
  149  14:22  Supply Depot  
  97  14:36  Marine x2  
  92  14:40  Viking  
  92  14:43  Siege Tank  
  92  14:45  Supply Depot  
  93  14:54  Marine  
  88  15:02  Siege Tank  
  88  15:07  Viking  
  88  15:08  Ghost  
  88  15:09  Nuke, Viking  
  88  15:10  Supply Depot, Viking  
  88  15:12  Marine  
  95  15:15  Siege Tank  
  84  15:34  Supply Depot  
  80  15:37  Viking  
  80  15:39  Viking  
  80  15:40  Medivac  
  80  15:56  Supply Depot  
  80  16:07  Medivac  
  80  16:09  Medivac  
  76  16:22  Supply Depot  
  76  16:25  Liberator x3  
  76  16:27  Marine  
  72  16:39  Siege Tank x2  
  84  16:47  Supply Depot  
  75  17:02  Ghost  
  75  17:08  Liberator x3  
  74  17:11  Siege Tank  
  74  17:12  Siege Tank  
  80  17:16  Barracks  
  80  17:18  Barracks  
  86  17:31  Ghost  
  85  17:43  Siege Tank  
  88  17:44  Nuke  
  85  18:14  Siege Tank  
  85  18:15  Ghost, Siege Tank  
  93  18:40  Barracks Tech Lab  
  93  18:43  Ghost  
  93  18:46  Siege Tank  
  93  18:48  Barracks Tech Lab  
  94  19:12  Ghost  
  84  19:34  Liberator x3  
  84  19:37  Ghost  
  84  19:38  Ghost  
  86  19:40  Ghost  
  69  20:06  Ghost  
  53  20:09  Ghost  
  43  20:19  Nuke  
Show
View Real Time Build Order
Export as new Build Order

TheSentinel Terran 

Build Orders:  

Get SALT Encoding   

  12  0:15  SCV  
  13  0:28  SCV  
  14  0:35  Supply Depot  
  14  0:48  Refinery  
  14  0:53  SCV  
  15  1:03  Barracks  
  15  1:05  SCV  
  16  1:26  SCV, Refinery  
  17  1:38  SCV  
  18  1:50  SCV  
  18  1:53  Barracks Tech Lab  
  19  2:05  Supply Depot  
  19  2:15  Marine  
  20  2:25  SCV  
  21  2:31  Barracks  
  21  2:32  Marine  
  22  2:37  Combat Shields, SCV  
  23  2:49  SCV  
  23  2:50  Marine  
  25  3:01  SCV  
  26  3:08  Marine  
  27  3:20  Barracks Tech Lab, Factory  
  27  3:26  Marine  
  28  3:30  Engineering Bay  
  28  3:39  Marine  
  29  3:55  Concussive Shells  
  29  3:57  Marine  
  30  4:08  Starport  
  30  4:10  Terran Infantry Weapons Level 1  
  30  4:13  Factory Tech Lab  
  30  4:15  Marine  
  31  4:26  Command Center  
  31  4:49  Supply Depot  
  31  5:10  Marine x2  
  31  5:11  Medivac  
  31  5:12  Supply Depot  
  35  5:28  Marine x2  
  35  5:35  Siege Tank  
  40  5:41  Medivac  
  42  5:46  Marine  
  43  5:52  Supply Depot  
  43  6:01  SCV  
  44  6:04  Terran Infantry Armor Level 1, Marine  
  44  6:07  Siege Tank  
  48  6:13  SCV  
  48  6:16  Supply Depot  
  49  6:22  Marine  
  51  6:25  SCV  
  51  6:37  SCV  
  51  6:39  Cyclone  
  55  6:42  Supply Depot  
  55  6:45  Marine  
  56  6:49  SCV  
  56  6:53  Barracks Tech Lab  
  55  7:03  Marine  
  56  7:11  Cyclone  
  59  7:18  Marine  
  59  7:20  Supply Depot  
  59  7:21  Marine  
  61  7:35  Marine  
  62  7:39  Marine  
  62  7:43  Starport Tech Lab, Cyclone  
  66  7:53  Marine  
  66  7:56  Missile Turret  
  66  7:57  Marine  
  68  8:11  Marine  
  69  8:18  Missile Turret  
  69  8:28  Command Center  
  69  8:29  Marine x2  
  69  8:34  Cyclone  
  74  8:40  Missile Turret  
  74  8:47  Marine  
  75  9:02  Missile Turret  
  75  9:04  Marine  
  75  9:06  Cyclone, Refinery  
  79  9:11  Refinery  
  79  9:12  SCV  
  80  9:22  Marine, Missile Turret  
  81  9:25  SCV  
  81  9:28  Medivac  
  84  9:37  SCV  
  85  9:40  Marine  
  86  9:49  SCV  
  87  10:01  SCV  
  88  10:12  Supply Depot  
  88  10:34  Supply Depot, Fusion Core  
  88  10:48  Starport  
  88  10:56  Cyclone  
  88  10:57  Supply Depot  
  91  11:02  Marine x2  
  93  11:19  Marine  
  93  11:20  Marine, Supply Depot  
  95  11:25  Starport  
  95  11:28  Cyclone  
  98  11:37  Marine x2  
  100  11:45  Supply Depot  
  100  11:55  Marine x2  
  100  12:00  Cyclone  
  105  12:02  Starport Tech Lab  
  105  12:12  Factory  
  105  12:13  Marine x2  
  107  12:30  Armory  
  107  12:46  Marine x2  
  109  12:51  Starport Tech Lab  
  109  13:00  Factory Tech Lab  
  109  13:04  Marine x2  
  111  13:13  Banshee  
  111  13:16  Battlecruiser  
  120  13:22  Marine x2  
  122  13:39  Marine  
  122  13:40  Marine  
  124  13:56  Banshee  
  124  13:57  Marine x2  
  124  13:59  Supply Depot  
  129  14:21  Battlecruiser, Supply Depot  
  84  14:38  Banshee  
  41  15:21  Banshee  
  41  15:25  Battlecruiser  
  41  16:29  Battlecruiser  
  38  17:17  Barracks  
  38  17:30  Supply Depot  
  38  17:32  Supply Depot  
  38  17:43  Banshee  
  41  17:46  Cyclone  
  44  18:05  Barracks  
  44  18:14  Barracks Tech Lab  
  44  18:18  Cyclone  
  47  18:26  Banshee  
  50  18:37  Marine  
  51  18:50  Cyclone  
  51  18:55  Marine  
  55  19:09  Banshee  
  58  19:13  Marine  
  59  19:22  Cyclone  
  57  19:30  Marine  
  40  19:48  Marine  
  40  19:52  Banshee  
  44  19:55  Cyclone  
  37  20:34  Banshee  
Show
View Real Time Build Order
Export as new Build Order

Somoka Zerg - Winner!

Build Orders: Pool First 

Get SALT Encoding   

  12  0:01  Drone  
  13  0:10  Drone  
  14  0:17  Overlord  
  14  0:36  Drone x3  
  17  0:47  Spawning Pool  
  16  0:51  Drone  
  17  0:58  Extractor  
  17  1:00  Drone  
  17  1:04  Extractor  
  16  1:09  Drone  
  17  1:23  Drone  
  18  1:34  Queen, Evolution Chamber  
  18  1:36  Drone  
  20  1:45  Drone  
  21  1:51  Overlord  
  21  1:58  Metabolic Boost  
  21  2:03  Zergling x2  
  22  2:15  Zergling x2  
  23  2:28  Zergling x2  
  24  2:34  Zergling x2  
  25  2:43  Lair  
  25  2:45  Zergling x6  
  28  2:57  Zergling x2  
  29  3:00  Drone  
  29  3:03  Zerg Melee Weapons Level 1  
  29  3:05  Hatchery  
  29  3:11  Zergling x2  
  30  3:19  Overlord  
  27  3:38  Drone  
  27  3:39  Drone x2  
  30  3:42  Roach Warren  
  29  3:55  Drone x4  
  34  4:17  Drone  
  34  4:29  Zergling x8  
  34  4:30  Overlord  
  38  4:39  Drone x2  
  38  4:44  Roach  
  42  4:47  Overlord  
  42  4:51  Drone  
  43  4:57  Roach  
  45  5:08  Roach  
  45  5:11  Drone x3  
  45  5:13  Extractor  
  49  5:15  Drone, Extractor  
  49  5:18  Roach  
  51  5:23  Roach  
  53  5:33  Roach  
  55  5:38  Zerg Ground Armor Level 1  
  55  5:40  Glial Reconstitution  
  55  5:43  Roach  
  55  5:44  Drone  
  55  5:45  Drone  
  55  5:47  Overlord x2  
  59  5:50  Overlord  
  59  6:06  Drone x2  
  59  6:08  Roach  
  63  6:13  Ravager x5  
  63  6:14  Ravager  
  63  6:17  Ravager  
  70  6:20  Zergling x6  
  73  6:27  Zergling x4  
  73  6:30  Hatchery, Zergling x2  
  59  7:01  Drone x2  
  59  7:02  Drone x2  
  59  7:06  Overlord x3  
  63  7:16  Drone  
  63  7:17  Drone x2  
  66  7:29  Hydralisk Den  
  65  7:36  Infestation Pit  
  64  7:39  Spire  
  64  7:40  Drone x3  
  66  7:59  Roach  
  66  8:03  Hydralisk  
  66  8:05  Drone x3  
  73  8:17  Infestor x2  
  73  8:18  Infestor x2  
  81  8:27  Muscular Augments  
  81  8:33  Drone  
  81  8:34  Drone  
  83  8:35  Hydralisk x2  
  83  8:39  Hydralisk  
  89  8:45  Drone  
  90  8:49  Hydralisk x2  
  90  8:55  Extractor  
  93  8:58  Drone, Extractor  
  93  9:00  Zergling x6  
  97  9:02  Zergling x2  
  97  9:03  Zergling x2  
  97  9:04  Overlord  
  98  9:13  Drone x2  
  100  9:17  Hydralisk  
  100  9:18  Hydralisk x3  
  100  9:23  Zergling x2  
  109  9:25  Zergling x2  
  109  9:28  Drone  
  109  9:30  Zerg Ground Armor Level 2  
  111  9:49  Burrow  
  111  9:56  Zergling x6  
  111  9:57  Zergling x2  
  111  9:58  Zergling x4  
  118  10:00  Zergling x10  
  122  10:25  Overlord x2  
  122  10:28  Overlord x2  
  122  10:36  Baneling Nest  
  122  10:39  Drone  
  122  10:51  Overlord x2  
  123  10:57  Drone x3  
  125  11:05  Infestor x4  
  125  11:06  Infestor x2  
  137  12:17  Mutalisk x6  
  137  12:18  Mutalisk x3  
  137  12:21  Zergling x6  
  158  12:23  Drone x2  
  158  12:24  Drone  
  161  12:30  Zerg Flyer Weapons Level 1  
  161  12:44  Mutalisk  
  161  12:46  Mutalisk x3  
  161  12:49  Overlord  
  169  12:52  Zergling x2  
  170  13:23  Mutalisk x3  
  170  13:24  Mutalisk  
  178  13:28  Spore Crawler  
  178  13:30  Overlord x2  
  178  13:31  Spore Crawler, Overlord  
  178  13:34  Spore Crawler x2  
  175  13:37  Zergling x2  
  175  13:38  Zergling x4  
  177  14:12  Mutalisk x5  
  177  14:13  Mutalisk  
  177  14:14  Mutalisk x3  
  195  14:17  Mutalisk  
  195  14:18  Mutalisk  
  198  14:24  Zerg Flyer Armor Level 1  
  120  15:19  Mutalisk x3  
  120  15:20  Mutalisk x2  
  130  15:24  Zergling x2  
  130  15:25  Zergling x4  
  130  15:26  Zergling x6  
  130  16:13  Mutalisk x2  
  130  16:14  Mutalisk x4  
  130  16:16  Mutalisk x3  
  130  16:17  Mutalisk x2  
  130  16:18  Mutalisk  
  143  16:42  Roach x2  
  143  16:45  Roach x2  
  151  16:48  Roach x2  
  155  17:03  Roach x2  
  159  17:16  Hatchery  
  159  17:17  Hatchery  
  159  17:18  Roach x2  
  159  17:19  Roach x4  
  159  17:21  Roach x3  
  175  17:24  Roach x2  
  175  17:26  Hatchery  
  174  18:22  Roach x4  
  174  18:23  Roach x2  
  174  18:26  Roach x3  
  190  18:28  Roach x3  
  196  18:39  Roach  
  196  18:40  Roach  
  198  18:47  Roach  
  198  18:49  Zerg Melee Weapons Level 2  
  198  18:52  Zerg Flyer Weapons Level 2  
  198  18:54  Roach  
  198  18:56  Roach  
  198  19:29  Roach  
Show
View Real Time Build Order
Export as new Build Order

Aspicherie Protoss - Winner!

Build Orders: Zealot Archon 

Get SALT Encoding   

  12  0:01  Probe  
  13  0:13  Probe  
  14  0:19  Pylon  
  14  0:25  Probe  
  15  0:38  Probe (Chrono Boost)  
  15  0:39  Gateway  
  16  0:47  Assimilator  
  16  0:50  Probe (Chrono Boost)  
  17  0:59  Probe (Chrono Boost)  
  18  1:13  Probe  
  19  1:22  Assimilator  
  19  1:25  Probe  
  20  1:30  Cybernetics Core  
  20  1:37  Probe  
  21  1:49  Probe  
  22  2:04  Nexus  
  22  2:06  Warp Gate (Chrono Boost)  
  22  2:07  Pylon  
  22  2:13  Probe  
  23  2:25  Stalker  
  23  2:27  Probe  
  26  2:42  Pylon  
  26  2:51  Gateway, Probe  
  27  3:01  Sentry  
  27  3:04  Probe  
  30  3:16  Probe (Chrono Boost)  
  32  3:21  Probe (Chrono Boost)  
  32  3:26  Probe (Chrono Boost)  
  33  3:27  Twilight Council  
  33  3:29  Probe (Chrono Boost)  
  33  3:31  Probe (Chrono Boost)  
  35  3:39  Stalker  
  37  3:43  Probe x2  
  39  3:53  Robotics Facility  
  39  3:56  Stalker  
  41  4:10  Gateway  
  41  4:14  Templar Archives  
  41  4:15  Probe  
  42  4:17  Probe  
  43  4:27  Probe  
  44  4:36  Stargate  
  44  4:39  Probe x2  
  46  4:46  Assimilator  
  46  4:50  Assimilator  
  46  4:51  Probe x2  
  48  5:03  Probe  
  48  5:05  Psionic Storm  
  49  5:14  High Templar  
  51  5:23  Probe x2  
  53  5:31  Pylon  
  54  5:35  Pylon, Probe  
  54  5:42  Pylon  
  54  5:49  Gateway  
  55  5:50  Probe  
  55  5:52  Pylon  
  55  5:58  Oracle  
  55  6:01  Immortal  
  62  6:09  Shield Battery  
  62  6:13  Shield Battery  
  62  6:18  Forge  
  62  6:37  Gateway  
  62  6:40  Gateway, Nexus  
  62  6:42  Gateway  
  62  6:45  High Templar  
  62  6:46  High Templar x2  
  68  6:50  High Templar  
  68  6:53  Archon  
  70  7:07  Warp Prism  
  72  7:08  Protoss Ground Weapons Level 1 (Chrono Boost)  
  72  7:29  Pylon  
  72  7:36  Pylon  
  72  7:39  Pylon  
  72  8:04  Probe (Chrono Boost)  
  73  8:07  Assimilator  
  73  8:12  Assimilator  
  75  8:15  Probe x2 (Chrono Boost)  
  75  8:16  Probe (Chrono Boost)  
  73  8:22  Probe (Chrono Boost)  
  73  8:24  Probe x2 (Chrono Boost)  
  76  8:27  High Templar x2  
  76  8:28  High Templar x3  
  76  8:34  Probe x2  
  88  8:51  Immortal  
  88  8:52  Void Ray  
  88  8:53  Protoss Ground Armor Level 1 (Chrono Boost)  
  96  8:58  Protoss Air Weapons Level 1 (Chrono Boost)  
  96  9:06  High Templar x3  
  96  9:09  Archon x2  
  102  9:10  Archon  
  102  9:30  Immortal  
  106  9:37  Void Ray  
  110  9:44  High Templar x2  
  114  9:50  Archon  
  114  10:15  Immortal  
  114  10:20  Void Ray  
  122  10:39  Protoss Ground Weapons Level 2  
  122  10:43  High Templar, Protoss Air Armor Level 1  
  124  10:50  Pylon  
  124  10:55  Pylon  
  124  11:00  Pylon  
  124  11:03  Pylon  
  124  11:05  Pylon  
  124  11:09  Pylon  
  124  11:12  Pylon, Nexus  
  124  11:14  High Templar x2  
  124  11:15  High Templar x2  
  124  11:17  Archon x2  
  124  11:18  Archon  
  132  11:22  High Templar  
  134  11:27  High Templar  
  136  11:42  Fleet Beacon  
  136  12:26  Probe  
  137  12:32  Probe  
  138  12:37  Probe  
  138  12:38  Pylon, Probe x2  
  141  12:44  Probe  
  141  12:49  Probe  
  141  12:50  Probe x2  
  145  12:53  Protoss Shields Level 1 (Chrono Boost)  
  145  12:56  Probe  
  146  13:02  Probe  
  146  13:05  High Templar x3  
  149  13:06  High Templar x4  
  149  13:08  Probe  
  149  13:10  Archon  
  149  13:12  Archon  
  162  13:14  Probe  
  162  13:16  Carrier  
  169  13:55  Stargate  
  169  13:56  Stargate  
  169  13:58  Stargate  
  169  14:00  Assimilator  
  169  14:02  Probe  
  170  14:04  Assimilator  
  170  14:13  Pylon  
  170  14:14  Probe  
  170  14:16  Pylon  
  171  14:19  High Templar x3  
  163  14:26  Probe  
  144  14:38  Probe  
  129  14:39  Protoss Ground Armor Level 2  
  129  14:42  Carrier  
  113  15:14  Archon  
  107  15:21  Sentry, High Templar  
  105  15:22  High Templar x5  
  107  15:44  High Templar  
  107  15:46  Archon  
  107  15:47  Archon  
  103  16:13  Protoss Air Weapons Level 2 (Chrono Boost)  
  89  16:55  High Templar x4  
  97  17:06  Archon  
  97  17:10  Nexus  
  97  17:17  Graviton Catapult  
  97  17:20  Carrier  
  103  17:28  Assimilator  
  103  17:32  Assimilator  
  103  17:33  Carrier  
  109  17:49  Assimilator  
  105  18:08  Pylon  
  105  18:12  Pylon  
  105  18:15  Carrier x2  
  105  18:16  Pylon  
  117  18:20  Pylon  
  117  18:22  Protoss Air Armor Level 2  
  117  18:46  Carrier, High Templar x3  
  129  18:49  Archon  
  129  18:52  Immortal  
  102  19:29  Carrier  
  108  20:03  Carrier x2  
  120  20:11  Carrier  
Tags
 
Add a new tag
Caveats
  • Supply blocks, unpowered buildings, or Contaminate may cause inaccurate times.
  • Supply counts are checked every 10 seconds.